 Dungeon Crawl Stone Soup version 0.23-a0-612-gcb482e9 (webtiles) character file.

620 Mgcat the Chopper (level 7, 0/61 HPs)
             Began as a Hill Orc Gladiator on Dec 21, 2018.
             Was a Believer of Wu Jian.
             Slain by Pikel
             ... wielding a +0 whip of freezing
              (1 damage)
             ... on level 3 of the Dungeon.
             The game lasted 00:08:18 (3757 turns).

Mgcat the Chopper (Hill Orc Gladiator)              Turns: 3757, Time: 00:08:19

Health: 0/61       AC:  3    Str: 21    XL:     7   Next: 46%
Magic:  6/6        EV: 14    Int:  8    God:    Wu Jian [**....]
Gold:   175        SH:  0    Dex: 12    Spells: 6/6 levels left

rFire    . . .     SeeInvis +   a - +0 war axe
rCold    . . .     Gourm    .   (no shield)
rNeg     . . .     Faith    .   b - +0 leather armour
rPois    .         Spirit   .   (helmet restricted)
rElec    .         Reflect  .   (no cloak)
rCorr    .         Harm     .   (no gloves)
MR       .....                  (no boots)
Stlth    +.........             (no amulet)
HPRegen  0.20/turn              j - ring of see invisible {sInv, !d}
MPRegen  0.10/turn              i - ring of flight {+Fly, !d}

@: hasted, very quick
A: horns 1, low mp 1, strong 1, evolution 1
a: Wall Jump, Renounce Religion, Evoke Flight


You were on level 3 of the Dungeon.
You worshipped Wu Jian.
Wu Jian was pleased with you.
You were not hungry.

You visited 1 branch of the dungeon, and saw 4 of its levels.
You also visited: Sewer.

You collected 175 gold pieces.

Inventory:

Hand Weapons
 a - a +0 war axe (weapon)
Missiles
 d - 3 throwing nets {=f, !d}
Armour
 b - a +0 leather armour (worn)
 c - a +0 helmet
Jewellery
 i - a ring of flight (right hand) {+Fly, !d}
   (You found it in a sewer)
 j - a ring of see invisible (left hand) {sInv, !d}
   (You found it on level 1 of the Dungeon)
Scrolls
 e - 2 scrolls of random uselessness
 h - a scroll of identify
 p - 2 scrolls of remove curse
Comestibles
 f - 5 rations


   Skills:
 - Level 5.0 Fighting
 + Level 7.5 Axes
 - Level 1.7 Throwing
 + Level 4.7 Dodging


You had 6 spell levels left.
You didn't know any spells.
Your spell library contained the following spells:

 Spells                   Type           Power        Failure   Level  Hunger
 Corona                   Hex            #......      45%         1    ##.....
 Ensorcelled Hibernation  Hex/Ice        #.....       58%         2    ###....
 Confuse                  Hex            #.......     83%         3    ####...
 Dazzling Spray           Conj/Hex       #.....       83%         3    ####...
 Tukima's Dance           Hex            #.......     83%         3    ####...


Dungeon Overview and Level Annotations

Branches:
Dungeon (4/15)
 Temple: D:4-7

Altars:
Wu Jian

Annotations:
D:3 Pikel
D:4 Robin


Innate Abilities, Weirdness & Mutations

You have a pair of small horns on your head.
Your magical capacity is low. (-10% MP)
Your muscles are strong. (Str +2)
You evolve.


Message History

You spin and attack the hobgoblin.
You hit the hobgoblin but do no damage.
You spin to attack Pikel, but your attack speed is too slow for a blow to land.
You spin and attack the goblin.
You barely miss the goblin.
The hobgoblin hits you but does no damage.
The goblin hits you but does no damage. The goblin closely misses you.
Pikel closely misses you.
You closely miss the hobgoblin. You slash the goblin!
You kill the goblin!
The Council accepts your kill.
You slash the goblin!
You kill the goblin!
The Council accepts your kill.
You hit the hobgoblin. You barely miss Pikel.
The hobgoblin completely misses you. The hobgoblin hits you.
Pikel hits you with a +0 whip of freezing.
Pikel freezes you.
You hit the hobgoblin but do no damage. You closely miss Pikel.
You hit the hobgoblin. You slash the slave!
The hobgoblin completely misses you. The hobgoblin closely misses you.
The slave hits you.
Pikel hits you with a +0 whip of freezing.
Pikel freezes you.
Your leather armour prevents you from hitting the hobgoblin.
You hit Pikel but do no damage. You slash the hobgoblin!
You kill the hobgoblin!
The Council accepts your kill.
You hit the slave. The hobgoblin misses you. The slave hits you.
Pikel misses you. The goblin closely misses you.
You barely miss the hobgoblin. You closely miss the slave. You hit the goblin.
You hit Pikel. The hobgoblin misses you. The slave hits you but does no damage.
Pikel closely misses you. The goblin hits you but does no damage.
You hit the hobgoblin.
The hobgoblin is heavily wounded.
You closely miss Pikel. You closely miss the goblin. You hit the slave.
The hobgoblin hits you but does no damage.
The slave barely misses you.
Pikel hits you with a +0 whip of freezing.
Pikel freezes you. The goblin misses you.
You slash the hobgoblin!
You kill the hobgoblin!
The Council accepts your kill.
You hit Pikel. You miss the goblin. You slash the slave! The slave misses you.
Pikel hits you with a +0 whip of freezing!
Pikel freezes you. The goblin hits you.
* * * LOW HITPOINT WARNING * * *
You spin and attack the goblin.
You barely miss the goblin.
The goblin is moderately wounded.
You spin and attack Pikel.
You barely miss Pikel.
Pikel is lightly wounded.
Pikel hits you with a +0 whip of freezing!
* * * LOW HITPOINT WARNING * * *
Pikel freezes you.
* * * LOW HITPOINT WARNING * * *
The goblin misses you.
Items here: ) [[[ ††† You closely miss the slave.
The slave is severely wounded.
The slave hits you but does no damage.
Unknown command.
Unknown command.
It was a potion of haste.
You feel yourself speed up. Pikel hits you but does no damage.
It was a potion of mutation.
You feel extremely strange.
You feel less energetic.
You feel nature experimenting on you.
Don't worry, failures die fast.
A pair of horns grows on your head!
Your +0 helmet falls away!
You feel stronger.
Unknown command.
You slash Pikel!
Pikel is heavily wounded.
Pikel completely misses you.
Unknown command.
Unknown command.
You hit Pikel.
Pikel is heavily wounded.
Pikel barely misses you.
Unknown command.
Unknown command.
As you read the scroll labeled ZUOTWU JICEBE, it crumbles to dust.
You experience a momentary feeling of inescapable doom!
It was a scroll of random uselessness.
Pikel barely misses you.
Unknown command.
Unknown command.
Unknown command.
Unknown command.
You hit Pikel.
Pikel is severely wounded.
Unknown command.
Unknown command.
You barely miss Pikel. You headbutt Pikel.
Pikel is severely wounded.
Pikel hits you but does no damage.
Unknown command.
You hit Pikel but do no damage.
Pikel is severely wounded.
Pikel hits you with a +0 whip of freezing.
* * * LOW HITPOINT WARNING * * *
Pikel freezes you.
You die...

......).....##....≈#.<#.#
............##....≈#.##.#
.............#....≈#....#
............#'###########
......##..#.........#
##.######.#.#.###...#
................'p>)#
.#.#.#####.##.#.#Kg)#
.#.#.#..........@####
.#.#.#.###.......#
##.#.............#
..............#'##
...#....#.#.###.#
...#.#..#.#..##.#####
##.#.#..#.##.##.....#
##.#.####.##..#.....#
..............#÷....#


You could see Pikel, a slave and a goblin.

Vanquished Creatures
  Sigmund (D:3)
  3 slaves (D:3)
  2 bullfrogs (Sewer)
  An orc wizard (D:3)
  An iguana (D:3)
  Jessica (D:2)
  4 gnolls (D:3)
  5 adders
  A river rat (D:3)
  5 oozes (Sewer)
  4 dart slugs
  11 leopard geckos
  7 orcs
  9 ball pythons
  9 bats
  8 giant cockroaches
  7 hobgoblins
  8 jackals
  A quokka (D:2)
  12 frilled lizards
  5 goblins
  11 kobolds
  5 rats
121 creatures vanquished.

Notes
Turn   | Place    | Note
-------+----------+-------------------------------------------
     0 | D:1      | Mgcat the Hill Orc Gladiator began the quest for the Orb.
     0 | D:1      | Reached XP level 1. HP: 18/18 MP: 1/1
    98 | D:1      | Reached XP level 2. HP: 23/25 MP: 2/2
   353 | D:1      | Reached skill level 3 in Fighting
   479 | D:2      | Reached XP level 3. HP: 22/31 MP: 3/3
   556 | D:2      | Noticed Jessica
   574 | D:2      | Killed Jessica
   574 | D:2      | Reached skill level 5 in Axes
   574 | D:2      | Reached skill level 3 in Dodging
   574 | D:2      | Reached XP level 4. HP: 26/38 MP: 4/4
   890 | D:2      | Found an ornate altar of the Wu Jian Council.
   936 | D:2      | Became a worshipper of the Wu Jian Council
  1315 | D:3      | HP: 10/40 [orc/+0 flail (7)]
  1318 | D:3      | Reached XP level 5. HP: 32/46 MP: 5/5
  1323 | D:3      | Reached skill level 4 in Fighting
  1521 | D:3      | HP: 4/46 [iguana (10)]
  1561 | D:3      | HP: 7/46 [river rat (9)]
  1712 | D:3      | Found a glowing drain.
  1721 | Sewer    | Entered a sewer
  1830 | Sewer    | Reached * piety under Wu Jian
  2188 | Sewer    | Reached XP level 6. HP: 45/53 MP: 6/6
  2234 | Sewer    | Reached skill level 6 in Axes
  2339 | Sewer    | HP: 10/53 [bullfrog (6)]
  2343 | Sewer    | Reached skill level 5 in Fighting
  2343 | Sewer    | Reached skill level 4 in Dodging
  2759 | D:3      | HP: 11/56 [gnoll/+0 spear (8)]
  2760 | D:3      | HP: 5/56 [gnoll/+0 spear (4)]
  2762 | D:3      | HP: 2/56 [gnoll/+0 flail (2)]
  2764 | D:3      | Reached XP level 7. HP: 3/61 MP: 7/7
  3031 | D:3      | Noticed Sigmund
  3042 | D:3      | Killed Sigmund
  3042 | D:3      | Reached skill level 7 in Axes
  3049 | D:3      | Reached ** piety under Wu Jian
  3540 | D:4      | Noticed Pikel
  3542 | D:4      | Noticed Robin
  3747 | D:3      | HP: 7/61 [Pikel/+0 whip of freezing (9)]
  3751 | D:3      | Gained mutation: Your magical capacity is low. (-10% MP)
                  | [potion of mutation]
  3751 | D:3      | Gained mutation: You evolve. [potion of mutation]
  3751 | D:3      | Gained mutation: You have a pair of small horns on your
                  | head. [potion of mutation]
  3751 | D:3      | Gained mutation: Your muscles are strong. (Str +2) [potion
                  | of mutation]
  3757 | D:3      | HP: 1/61 [Pikel/+0 whip of freezing (6)]
  3757 | D:3      | Slain by Pikel

Vault maps used:
D:1:      wander_arrival_fairy_ring
D:2:      lemuel_round_altar, uniq_jessica
D:3:      nicolae_overflow_hidden_temple, portal_sewer_entry_a,
          chequers_serial_rivers_room_a, uniq_sigmund
D:4:      grunt_temple_overflow_forces_of_nature, first_ration, serial_shops,
          nicolae_shop_trees, uniq_robin, uniq_crazy_yiuf_cottage, uniq_pikel
Sewer:    sewer_frog_island_02

Skill      XL: |  1  2  3  4  5  6  7 |
---------------+----------------------+-----
Fighting       | 3 4 5 |  5.0
Axes           | 5 6 7 |  7.5
Dodging        | 3 4 |  4.7
Throwing       | |  1.7

Action                   |  1- 3 |  4- 6 |  7- 9 || total
-------------------------+-------+-------+-------++-------
Melee: War axe           |    77 |   262 |    75 ||   414
       Headbutt          |       |       |     1 ||     1
Invok: Lunge             |       |     7 |       ||     7
       Whirlwind         |       |    16 |     7 ||    23
  Use: Scroll            |       |     6 |     2 ||     8
       Potion            |       |     4 |     2 ||     6
 Stab: Invisible         |       |     1 |       ||     1
       Sleeping          |       |       |     1 ||     1
  Eat: Chunk             |       |     7 |     3 ||    10
Armor: Leather armour    |    37 |    75 |    21 ||   133
       Skin              |       |     7 |       ||     7
Dodge: Dodged            |    55 |   248 |    69 ||   372

Table legend:
 A = Non-vault XP
 B = Vault XP
 C = Vault XP percentage of total XP
 D = Non-vault monster count
 E = Vault monster count
 F = Vault count percentage of total count
                 A         B        C        D         E       F
            +---------+---------+-------+---------+---------+-------
      Total |     293 |     594 |  67.0 |      70 |      48 |  40.7
            +---------+---------+-------+---------+---------+-------
        D:1 |      31 |       0 |   0.0 |      22 |       0 |   0.0
        D:2 |      53 |      37 |  41.1 |      18 |       1 |   5.3
        D:3 |     209 |     251 |  54.6 |      30 |       9 |  23.1
      Sewer |       0 |     306 | 100.0 |       0 |      38 | 100.0
            +---------+---------+-------+---------+---------+-------

Vault maps used:
D:1:      wander_arrival_fairy_ring
D:2:      lemuel_round_altar, uniq_jessica
D:3:      nicolae_overflow_hidden_temple, portal_sewer_entry_a,
          chequers_serial_rivers_room_a, uniq_sigmund
D:4:      grunt_temple_overflow_forces_of_nature, first_ration, serial_shops,
          nicolae_shop_trees, uniq_robin, uniq_crazy_yiuf_cottage, uniq_pikel
Sewer:    sewer_frog_island_02

Table legend:
 A = Turns spent in this place as a percentage of turns spent in the entire game.
 B = Non-inter-level travel turns spent in this place as a percentage of non-inter-level travel turns spent in the entire game.
 C = Inter-level travel turns spent in this place as a percentage of turns spent in this place.
 D = Turns resting spent in this place as a percentage of non-inter-level travel turns spent in this place.
 E = Turns spent auto-exploring this place as a percentage of non-inter-level travel turns spent in this place.
 F = Non-inter-level travel turns spent in this place divided by the number of levels of this place that you've seen.
                   A       B       C       D       E      F
               +-------+-------+-------+-------+-------+----------------------
         Total | 100.0 | 100.0 |   3.1 |  18.0 |  60.7 | 727.8
       Dungeon |  77.2 |  76.5 |   4.1 |  11.8 |  69.0 | 696.0
         Sewer |  22.8 |  23.5 |   0.0 |  38.2 |  33.7 | 855.0
               +-------+-------+-------+-------+-------+----------------------

Table legend:
 A = Kills in this place as a percentage of kills in entire the game.
 B = Kills by you in this place as a percentage of kills by you in the entire game.
 C = Kills by friends in this place as a percentage of kills by friends in the entire game.
 D = Other kills in this place as a percentage of other kills in the entire game.
 E = Experience gained in this place as a percentage of experience gained in the entire game.
 F = Experience gained in this place divided by the number of levels of this place that you have seen.
                   A       B       C       D       E      F
               +-------+-------+-------+-------+-------+----------------------
         Total | 100.0 | 100.0 |   N/A |   N/A | 100.0 | 177.4
       Dungeon |  67.8 |  67.8 |   N/A |   N/A |  65.5 | 145.2
         Sewer |  32.2 |  32.2 |   N/A |   N/A |  34.5 | 306.0
               +-------+-------+-------+-------+-------+----------------------
